 Dungeon Crawl Stone Soup version 0.14-a0-1721-g84c87b2 (webtiles) character file.

179 ReteAZ the Cudgeler (level 4, -2/35 HPs)
             Began as a Demonspawn Monk on Jan 2, 2014.
             Slain by an orc
             ... wielding a -1,+0 orcish falchion
              (6 damage)
             ... on Level 3 of the Dungeon.
             The game lasted 00:11:15 (3172 turns).

ReteAZ the Cudgeler (Demonspawn Monk)               Turns: 3172, Time: 00:11:15

HP  -2/35        AC  5     Str 12      XL: 4   Next: 56%
MP   4/4         EV  9     Int 12      God:
Gold 72          SH  0     Dex 15      Spells:  0 memorised,  3 levels left

rFire  . . .     SeeInvis +     t - -1,+1 orc whip
rCold  . . .     Clarity  .     x - +0 ring mail
rNeg   . . .     Conserve .     (no shield)
rPois  .         rCorr    .     (helmet restricted)
rElec  .         rRot     .     (no cloak)
SustAb . .       Spirit   .     (no gloves)
rMut   .         Warding  .     (no boots)
Saprov . . .     Stasis   .     (no amulet)
                                (no ring)
                                p - ring of see invisible {unknown}

@: slightly resistant to hostile enchantments, unstealthy
A: antennae 1, conserve scrolls
a: no special abilities


You were on level 3 of the Dungeon.
You were not hungry.

You visited 1 branch of the dungeon, and saw 3 of its levels.

You collected 72 gold pieces.

Inventory:

Hand weapons
 t - a -1,+1 orcish whip (weapon)
Missiles
 e - 37 darts (quivered)
Armour
 q - a +0 elven leather armour
 x - a +0 ring mail (worn)
Comestibles
 b - 3 bread rations
 c - a honeycomb
 g - a rotting chunk of bat flesh
Scrolls
 k - 3 scrolls of teleportation {unknown}
 l - 2 scrolls of identify {unknown}
 n - a scroll of noise {unknown}
 o - a scroll of amnesia {unknown}
 r - a scroll of curse armour {unknown}
 s - 2 scrolls of curse jewellery {unknown}
 u - a scroll of blinking {unknown}
 w - a scroll of enchant weapon II {unknown}
 y - 2 scrolls of fear {unknown}
 z - a scroll of random uselessness {unknown}
 A - a scroll of fog {unknown}
Jewellery
 p - a ring of see invisible (left hand) {unknown}
Potions
 d - a potion of curing {unknown}
 f - a potion of brilliance {unknown}
 h - a potion of might {unknown}
 i - a potion of cure mutation {unknown}
 j - 2 potions of agility {unknown}
 m - 2 potions of degeneration {unknown}
 v - a potion of heal wounds


   Skills:
 - Level 3.1 Fighting
 + Level 3.8 Maces & Flails
 - Level 2.6 Dodging
 - Level 1.7 Stealth
 - Level 3.6 Unarmed Combat


You had 3 spell levels left.
You didn't know any spells.

Dungeon Overview and Level Annotations

Branches:
Dungeon (3/16)

Altars:


Innate Abilities, Weirdness & Mutations

You have a pair of small antennae on your head.
You are very good at protecting items from fire.


Message History

You barely miss the orc. You hit the orc but do no damage.
The orc hits you but does no damage.
You hit the orc but do no damage.
The orc hits you with an orcish falchion.
* * * LOW HITPOINT WARNING * * *
You closely miss the orc. The orc barely misses you.
You closely miss the orc. The orc hits you but does no damage.
You completely miss the orc.
The orc hits you with an orcish falchion.
* * * LOW HITPOINT WARNING * * *
You closely miss the orc. You closely miss the orc. The orc closely misses you.
You hit the orc.
The orc is heavily wounded.
The orc hits you with an orcish falchion.
* * * LOW HITPOINT WARNING * * *
You hit the orc but do no damage.
The orc is heavily wounded.
The orc hits you with an orcish falchion.
You die...

# .# ###.# .
##....#..
#.%......
#....##..(
#<........
########....##.##
........@...#
##......o...#
#..........#
#........###
#........#
........#
(..>...# ......#
###


You could see an orc.

Vanquished Creatures
  2 adders (D:2)
  3 worms (D:2)
  A giant gecko (D:1)
  2 oozes (D:1)
  6 bats
  10 giant cockroaches
  8 goblins
  9 hobgoblins
  3 quokkas (D:2)
  A ball python (D:1)
  4 giant newts (D:2)
  4 jackals (D:2)
  6 kobolds
  5 rats
64 creatures vanquished.

Notes
Turn   | Place    | Note
--------------------------------------------------------------
     0 | D:1      | ReteAZ, the Demonspawn Monk, began the quest for the Orb.
     0 | D:1      | Reached XP level 1. HP: 18/18 MP: 1/1
   186 | D:1      | Reached skill level 1 in Maces & Flails
   289 | D:1      | Gained mutation: You are very good at protecting items from fire. [demonic ancestry]
   289 | D:1      | Reached XP level 2. HP: 17/24 MP: 2/2
  1106 | D:1      | Gained mutation: You have a pair of small antennae on your head. [demonic ancestry]
  1106 | D:1      | Reached XP level 3. HP: 10/29 MP: 3/3
  2181 | D:2      | Reached XP level 4. HP: 14/35 MP: 4/4
  3172 | D:3      | Slain by an orc

Action                   |  1- 3 |  4- 6 || total
-------------------------+-------+-------++-------
Melee: Club              |   143 |       ||   143
       Unarmed           |     3 |       ||     3
       Mace              |   103 |    28 ||   131
       Whip              |       |    66 ||    66
Throw: Dart              |    38 |     1 ||    39
  Use: Scroll            |     1 |       ||     1
       Potion            |     1 |       ||     1
 Stab: Sleeping          |     1 |       ||     1
